 Dungeon Crawl Stone Soup version 0.16.1-2-g95b8d4c (webtiles) character file.

103 WhiteWabbit the Skirmisher (level 4, 36/42 HPs)
             Began as a Minotaur Berserker on Mar 26, 2015.
             Was a Believer of Trog.
             Starved to death
             ... while paralysed
             ... on level 3 of the Dungeon.
             The game lasted 00:17:38 (1829 turns).

WhiteWabbit the Skirmisher (Minotaur Berserker)     Turns: 1829, Time: 00:17:38

Health: 36/42      AC: 10    Str: 23    XL:     4   Next: 51%
Magic:  2/2        EV:  2    Int:  4    God:    Trog [**....]
Gold:   118        SH:  0    Dex:  9    Spells: 0 memorised, 3 levels left

rFire  . . .     SeeInvis .     a - +0 falchion
rCold  . . .     Clarity  .     g - +0 scale mail
rNeg   . . .     SustAb   .     (no shield)
rPois  .         Gourm    .     (helmet restricted)
rElec  .         Spirit   .     u - +2 cloak
rCorr  .         Warding  .     (no gloves)
rMut   .         Stasis   .     (no boots)
MR     .....                    (no amulet)
Stlth  ..........               (no ring)
                                (no ring)

@: paralysed, starving, not resistant to hostile enchantments, extremely
unstealthy
A: retaliatory headbutt, horns 2
a: Burn Spellbooks, Berserk, Trog's Hand, Renounce Religion


You were on level 3 of the Dungeon.
You worshipped Trog.
Trog was pleased with you.
You were starving.

You visited 1 branch of the dungeon, and saw 3 of its levels.

You collected 118 gold pieces.

Inventory:

Hand weapons
 a - a +0 falchion (weapon)
 e - a +0 club
Missiles
 k - 16 poisoned needles
 n - 22 arrows
 o - 12 bolts
 q - a throwing net (quivered)
Armour
 b - a +0 ring mail
 f - a +0 animal skin
 g - a +0 scale mail (worn)
 i - a +0 cloak
 u - a +2 cloak (worn)
Jewellery
 y - a cursed -2 ring of intelligence {unknown}
Scrolls
 d - a scroll of noise {unknown}
 h - a scroll of remove curse {unknown}
 l - 2 scrolls of teleportation {unknown}
 m - 2 scrolls of identify {unknown}
 p - a scroll of amnesia {unknown}
 x - a scroll of recharging {unknown}
Potions
 s - 2 potions of curing {unknown}
 t - a potion of ambrosia {unknown}
 w - a potion of cure mutation {unknown}
Comestibles
 c - 2 bread rations
 j - 4 meat rations
 r - 2 slices of pizza
 v - 8 fruits


   Skills:
 + Level 5.1 Fighting
 + Level 4.2 Long Blades
 + Level 3.6 Armour
 + Level 2.5 Dodging


You had 3 spell levels left.
You didn't know any spells.

Dungeon Overview and Level Annotations

Branches:
Dungeon (3/15)

Altars:
Ashenzari


Innate Abilities, Weirdness & Mutations

You reflexively headbutt those who attack you in melee.
You have a pair of horns on your head.


Message History

You headbutt the giant cockroach.
You kill the giant cockroach!
Trog accepts your kill.
You see here a giant cockroach corpse.
y - a blackened gilded ring
There are no items here.
You lose consciousness!
You can move again.
You see here a giant cockroach corpse.
There is a stone staircase leading down here.
There is a stone staircase leading down here.
You see here a giant cockroach corpse.
There is an open door here.
There is an open door here.
You see here an adder corpse.
You lose consciousness!
You can move again.
You lose consciousness!
You have starved to death.
You die...

........
#......#
#........#
........
#......#
#........#####
..!.....
#......#
#........'....
##.....
####†.##
#........#####
#... ##.#
#####.####
#.## #.# #..#
#.# ##.#####
#.# #@....#
#.# ##....#
#.# #.†..#
#..###
#######'###
#.........#
#.........#
#.........#
####.........#


There were no monsters in sight!

Vanquished Creatures
  5 adders
  A worm (D:3)
  An ooze (D:2)
  A ball python (D:3)
  6 bats
  3 giant cockroaches
  8 goblins
  5 hobgoblins
  6 kobolds
  2 quokkas
  2 giant geckos
  4 giant newts
  5 rats
49 creatures vanquished.

Notes
Turn   | Place    | Note
--------------------------------------------------------------
     0 | D:1      | WhiteWabbit, the Minotaur Berserker, began the quest for the Orb.
     0 | D:1      | Reached XP level 1. HP: 19/19 MP: 1/1
   260 | D:1      | Reached skill level 4 in Fighting
   261 | D:1      | Reached XP level 2. HP: 25/27 MP: 1/1
   787 | D:2      | Found a shattered altar of Ashenzari.
   843 | D:2      | Reached XP level 3. HP: 30/34 MP: 2/2
  1008 | D:2      | Acquired Trog's second power
  1473 | D:3      | Reached XP level 4. HP: 32/41 MP: 2/2
  1513 | D:3      | Reached skill level 5 in Fighting
  1829 | D:3      | Starved to death

Action                   |  1- 3 |  4- 6 || total
-------------------------+-------+-------++-------
Melee: Falchion          |    92 |    32 ||   124
  Use: Potion            |     1 |       ||     1
